 Dungeon Crawl Stone Soup version 0.24.0-35-gdb84b6a5db (webtiles) character file.

Game seed: 16727267288852042232, levelgen mode: deterministic

123 grindst0ne the Magician (level 5, -10/37 HPs)
             Began as a Gnoll Wanderer on Nov 19, 2019.
             Killed by divine providence
             ... invoked by an orc priest
              (13 damage)
             ... on level 2 of the Dungeon.
             The game lasted 00:04:33 (2418 turns).

grindst0ne the Magician (Gnoll Wanderer)            Turns: 2418, Time: 00:04:34

Health: -10/37     AC: 11    Str: 16    XL:     5   Next: 7%
Magic:  14/14      EV:  5    Int: 16    God:
Gold:   100        SH:  0    Dex: 12    Spells: 18/18 levels left

rFire    . . .     SeeInvis .   b - +0 hand axe
rCold    . . .     Gourm    .   (no shield)
rNeg     . . .     Faith    .   w - +0 plate armour
rPois    .         Spirit   .   g - +0 helmet
rElec    .         Reflect  .   (no cloak)
rCorr    .         Harm     .   (no gloves)
MR       .....                  (no boots)
Stlth    ..........             (no amulet)
HPRegen  0.12/turn              (no ring)
MPRegen  0.14/turn              (no ring)

@: no status effects
A: distributed training, fangs 1, strong nose
a: no special abilities


You were on level 2 of the Dungeon.
You were not hungry.

You visited 1 branch of the dungeon, and saw 3 of its levels.

You collected 100 gold pieces.

Inventory:

Hand Weapons
 a - a +0 club
 b - a +0 hand axe (weapon)
Missiles
 o - 6 javelins (quivered)
 u - 4 boomerangs
Armour
 d - a +0 robe
 g - a +0 helmet (worn)
 j - a +0 ring mail
 p - a +0 scale mail
 w - a +0 plate armour (worn)
Scrolls
 h - 2 scrolls of magic mapping {unknown}
 m - 2 scrolls of immolation {unknown}
 s - a scroll of teleportation {unknown}
 t - 2 scrolls of identify
 v - a scroll of remove curse {unknown}
Potions
 c - a potion of resistance
 e - a potion of flight
 i - 2 potions of curing
 l - a potion of mutation {unknown}
 n - a potion of brilliance {unknown}
 q - 2 potions of lignification {unknown}
 r - a potion of heal wounds {unknown}
Comestibles
 f - 3 rations


   Skills:
 + Level 1.3 Fighting
 + Level 1.3 Short Blades
 + Level 1.3 Long Blades
 + Level 1.3 Axes
 + Level 1.3 Maces & Flails
 + Level 1.3 Polearms
 + Level 1.3 Staves
 + Level 1.3 Slings
 + Level 1.3 Bows
 + Level 1.3 Crossbows
 + Level 1.3 Throwing
 + Level 1.3 Armour
 + Level 1.3 Dodging
 + Level 1.3 Stealth
 + Level 1.3 Shields
 + Level 1.3 Unarmed Combat
 + Level 7.2 Spellcasting
 + Level 7.1 Conjurations
 + Level 1.0 Hexes
 + Level 1.0 Charms
 + Level 1.0 Summonings
 + Level 2.3 Necromancy
 + Level 1.0 Translocations
 + Level 1.0 Transmutations
 + Level 1.0 Fire Magic
 + Level 1.0 Ice Magic
 + Level 1.0 Air Magic
 + Level 1.0 Earth Magic
 + Level 1.0 Poison Magic
 + Level 1.4 Invocations
 + Level 4.7 Evocations


You had 18 spell levels left.
You didn't know any spells.
Your spell library contained the following spells:

 Spells                   Type           Power        Failure   Level  Hunger
 Magic Dart               Conj           ####         41%         1    None
 Shock                    Conj/Air       ###.         85%         1    None
 Beastly Appendage        Tmut           #.....       99%         1    None
 Conjure Flame            Conj/Fire      ###.....     99%         3    ##.....
 Stone Arrow              Conj/Erth      ###...       99%         3    ##.....
 Blink                    Tloc           N/A          100%        2    None
 Call Imp                 Summ           #.......     100%        2    None
 Slow                     Hex            #.......     100%        2    None
 Mephitic Cloud           Conj/Pois/Air  ###.....     100%        3    ##.....
 Spider Form              Tmut/Pois      #.........   100%        3    ##.....


Dungeon Overview and Level Annotations

Branches:
Dungeon (3/15)

Altars:


Innate Abilities, Weirdness & Mutations

Your experience applies equally to all skills.
You have very sharp teeth.
Your uncanny sense of smell can sniff out nearby items.


Message History

You hit the orc priest but do no damage.
The orc priest is heavily wounded.
The orc priest hits you with a +0 club.
Your plate armour prevents you from hitting the orc priest.
The orc priest is heavily wounded.
The orc priest hits you but does no damage.
You hit the orc priest.
The orc priest is severely wounded.
The orc priest hits you but does no damage.
Your plate armour prevents you from hitting the orc priest.
The orc priest is severely wounded.
The orc priest looks encouraged for a moment.
The orc priest mumbles some strange prayers to Beogh against you.
Beogh smites you!
* * * LOW HITPOINT WARNING * * *
You closely miss the orc priest.
The orc priest is severely wounded.
The orc priest invokes the aid of Beogh against you.
Beogh smites you!
You die...

#.# ###.# ####### #.#
#...## ......# #.# #.#..#
......#####.#### #.#..#
...............# #.#..#
......#.###.##.######.#..#
##....................#..#
...............).........#
................@o.......#
#....#..###.##.#.####.#..#
#+#..#..# #.##.#.# #.#..#
.....#..###.##.#.# #.#..#
.....#.<.......#.# #.##.#
....).........##.# #.##.#
.....#..###.#.##.####.##.#
.....#..# #...........##.#
.....#..# ###..#.........#


You could see an orc priest.

Vanquished Creatures
  Jessica (D:2)
  2 adders (D:2)
  A gnoll (D:1)
  3 dart slugs
  A leopard gecko (D:2)
  An orc (D:2)
  3 giant cockroaches (D:1)
  9 goblins
  9 hobgoblins
  3 jackals (D:1)
  4 kobolds
  A ball python (D:2)
  8 bats
  5 frilled lizards
  8 rats
59 creatures vanquished.

Notes
Turn   | Place    | Note
-------+----------+-------------------------------------------
     0 | D:1      | grindst0ne the Gnoll Wanderer began the quest for the Orb.
     0 | D:1      | grindst0ne set off with the following items: a +0 club, a
                  | +0 robe, a ration; and the following spells available to
                  | memorise: Magic Dart, Shock, Conjure Flame, Stone Arrow,
                  | Beastly Appendage, Mephitic Cloud, Blink, Call Imp, Slow,
                  | Spider Form
     0 | D:1      | Reached XP level 1. HP: 13/13 MP: 8/8
   237 | D:1      | Reached XP level 2. HP: 6/19 MP: 10/10
   750 | D:1      | Reached XP level 3. HP: 6/25 MP: 11/11
  1081 | D:1      | Reached skill level 1 in Invocations
  1490 | D:2      | Reached skill level 1 in Fighting
  1490 | D:2      | Reached skill level 1 in Short Blades
  1490 | D:2      | Reached skill level 1 in Long Blades
  1490 | D:2      | Reached skill level 1 in Axes
  1490 | D:2      | Reached skill level 1 in Maces & Flails
  1490 | D:2      | Reached skill level 1 in Polearms
  1490 | D:2      | Reached skill level 1 in Staves
  1490 | D:2      | Reached skill level 1 in Slings
  1490 | D:2      | Reached skill level 1 in Bows
  1490 | D:2      | Reached skill level 1 in Crossbows
  1490 | D:2      | Reached skill level 1 in Throwing
  1490 | D:2      | Reached skill level 1 in Armour
  1490 | D:2      | Reached skill level 1 in Dodging
  1490 | D:2      | Reached skill level 1 in Stealth
  1490 | D:2      | Reached skill level 1 in Shields
  1490 | D:2      | Reached skill level 1 in Unarmed Combat
  1490 | D:2      | Reached XP level 4. HP: 26/32 MP: 13/13
  1942 | D:2      | Reached skill level 1 in Hexes
  1942 | D:2      | Reached skill level 1 in Charms
  1942 | D:2      | Reached skill level 1 in Summonings
  1942 | D:2      | Reached skill level 1 in Translocations
  1942 | D:2      | Reached skill level 1 in Transmutations
  1942 | D:2      | Reached skill level 1 in Fire Magic
  1942 | D:2      | Reached skill level 1 in Ice Magic
  1942 | D:2      | Reached skill level 1 in Air Magic
  1942 | D:2      | Reached skill level 1 in Earth Magic
  1942 | D:2      | Reached skill level 1 in Poison Magic
  2165 | D:2      | Noticed Jessica
  2174 | D:2      | Killed Jessica
  2174 | D:2      | Reached XP level 5. HP: 35/37 MP: 14/14
  2418 | D:2      | Killed from afar by an orc priest

Levels and vault maps discovered:
D:1:      psy_arrival_terrarium, layout_loops_ring, grunt_decor_cap
D:2:      layout_basic, uniq_jessica
D:3:      layout_loops_ring, serial_rivers, chequers_serial_rivers_micro_a,
          chequers_serial_rivers_micro_a, chequers_serial_rivers_room_a,
          chequers_serial_rivers_micro_e, uniq_ijyb

Skill      XL: |  1  2  3  4 |
---------------+-------------+-----
Necromancy     | 2 |  2.3
Invocations    | 1 |  1.4
Fighting       | 1 |  1.3
Short Blades   | 1 |  1.3
Long Blades    | 1 |  1.3
Axes           | 1 |  1.3
Maces & Flails | 1 |  1.3
Polearms       | 1 |  1.3
Staves         | 1 |  1.3
Slings         | 1 |  1.3
Bows           | 1 |  1.3
Crossbows      | 1 |  1.3
Throwing       | 1 |  1.3
Armour         | 1 |  1.3
Dodging        | 1 |  1.3
Stealth        | 1 |  1.3
Shields        | 1 |  1.3
Unarmed Combat | 1 |  1.3
Hexes          | 1 |  1.0
Charms         | 1 |  1.0
Summonings     | 1 |  1.0
Translocations | 1 |  1.0
Transmutations | 1 |  1.0
Fire Magic     | 1 |  1.0
Ice Magic      | 1 |  1.0
Air Magic      | 1 |  1.0
Earth Magic    | 1 |  1.0
Poison Magic   | 1 |  1.0
Spellcasting   | |  7.2
Conjurations   | |  7.1
Evocations     | |  4.7

Action                   |  1- 3 |  4- 6 || total
-------------------------+-------+-------++-------
Melee: Hand axe          |   115 |    84 ||   199
       Bite              |     8 |     8 ||    16
       Punch             |     1 |       ||     1
  Use: Scroll            |     2 |     1 ||     3
  Eat: Chunk             |     2 |     3 ||     5
Armor: Robe              |    16 |       ||    16
       Ring mail         |    32 |       ||    32
       Scale mail        |       |    48 ||    48
       Plate armour      |       |    14 ||    14
Dodge: Dodged            |    65 |    46 ||   111
